 Dungeon Crawl Stone Soup version 0.29.1 (webtiles) character file.

Game seed: 16649849023047067031

807 mtoz the Covered (level 7, -3/44 HPs)
             Began as a Gargoyle Fighter on Sept 13, 2022.
             Slain by a wight
             ... wielding a +4 halberd
              (9 damage)
             ... on level 6 of the Dungeon.
             The game lasted 00:08:42 (4961 turns).

mtoz the Covered (Gargoyle Fighter)                 Turns: 4961, Time: 00:08:43

Health: -3/44      AC: 12    Str: 22    XL:     7   Next: 92%
Magic:  7/7        EV: 10    Int:  8    God:
Gold:   209        SH:  5    Dex:  9    Spells: 6/6 levels left

rFire   . . .      SeeInvis .   a - +0 war axe
rCold   . . .      Faith    .   c - +0 buckler
rNeg    + . .      Spirit   .   b - +0 scale mail
rPois   ∞          Reflect  .   (no helmet)
rElec   +          Harm     .   (no cloak)
rCorr   .          Rampage  .   (no gloves)
Will    .....                   (no boots)
Stlth   ..........              (no amulet)
HPRegen 0.14/turn               (no ring)
MPRegen 0.10/turn               (no ring)

@: no status effects
A: sickness immunity, AC +4, negative energy resistance 1, electricity
resistance, torment resistance 1, petrification resistance
a: no special abilities


You were on level 6 of the Dungeon.
You visited 2 branches of the dungeon, and saw 7 of its levels.

You collected 209 gold pieces.

Inventory:

Hand Weapons
 a - a +0 war axe (weapon)
 g - a +0 flail
 j - a +0 spear
 q - a +0 hand axe
 r - a +1 falchion of flaming
 u - a +0 flail
Armour
 b - a +0 scale mail (worn)
 c - a +0 buckler (worn)
 l - a +0 tower shield
Wands
 o - a wand of iceblast (11)
 t - a wand of acid (12)
Scrolls
 e - 4 scrolls of identify {unknown}
 i - 2 scrolls of amnesia {unknown}
 k - a scroll of poison {unknown}
 m - 3 scrolls of magic mapping {unknown}
 p - a scroll of noise {unknown}
 s - a scroll of brand weapon {unknown}
 v - a scroll of summoning {unknown}
Potions
 d - a potion of might
 f - a potion of degeneration {unknown}
 h - a potion of invisibility {unknown}
 n - 2 potions of curing
 w - a potion of magic {unknown}
 x - a potion of flight {unknown}


   Skills:
 * Level 5.5 Fighting
 * Level 4.0 Axes
 * Level 5.5 Armour
 + Level 2.0 Dodging
 * Level 5.4 Shields


You had 6 spell levels left.
You didn't know any spells.
Your spell library contained the following spells:

 Spells                   Type           Power      Damage    Failure   Level
 Ensorcelled Hibernation  Hex/Ice        0%         N/A       91%         2
 Passwall                 Tmut/Erth      0%         N/A       91%         2
 Static Discharge         Conj/Air       0%         3-3/arc   91%         2
 Swiftness                Air            0%         N/A       99%         3
 Dispel Undead            Necr           0%         3d6       100%        4
 Sticky Flame             Conj/Fire      0%         2d3       100%        4


Dungeon Overview and Level Annotations

Branches:
Dungeon (6/15)             Temple (1/1) D:5

Altars:
Ashenzari
Cheibriados
Dithmenos
Elyvilon
Fedhas
Hepliaklqana
Kikubaaqudgha
Qazlal
Ru
Sif Muna
Trog
Uskayaw
Vehumet
Wu Jian
Xom
Yredelemnul
The Shining One

Shops:
D:3 [


Innate Abilities, Weirdness & Mutations

You are immune to sickness and miasma.
Your stone body is resilient. (AC +4)
You are immune to poison.
You resist negative energy. (rN+)
You are resistant to electric shocks. (rElec)
You are resistant to unholy torment.
You are immune to petrification.


Message History

The bullfrog hits you but does no damage.
The wight hits you but does no damage.
The bullfrog hits you but does no damage.
The wight barely misses you.
You closely miss the bullfrog.
The bullfrog is heavily wounded.
You barely miss the wight.
The bullfrog hits you but does no damage.
The bullfrog barely misses you. The wight closely misses you.
The wight hits you from afar with a +4 halberd.
You closely miss the bullfrog.
The bullfrog is heavily wounded.
You hit the wight. The bullfrog hits you.
The wight hits you with a +2 dire flail.
You block the wight's attack. You block the bullfrog's attack.
The wight hits you with a +2 dire flail.
You block the wight's attack.
You are too injured to fight recklessly!
You are too injured to fight recklessly!
You are too injured to fight recklessly!
You hit the wight but do no damage.
The wight is lightly damaged.
You slash the bullfrog! You block the bullfrog's attack.
The bullfrog hits you but does no damage.
You block the wight's attack. x2
You closely miss the wight.
The wight is lightly damaged.
You closely miss the bullfrog. The bullfrog closely misses you.
The bullfrog hits you but does no damage.
The wight misses you.
The wight hits you from afar with a +4 halberd!
* * * LOW HITPOINT WARNING * * *
You closely miss the wight.
The wight is lightly damaged.
You slash the bullfrog!
You kill the bullfrog!
The wight hits you with a +2 dire flail!
* * * LOW HITPOINT WARNING * * *
The wight hits you from afar with a +4 halberd!
You die...

≈≈≈≈≈.......#
#...
....≈.......#
#... .
##.≈......##
#### ≈.
#.≈.....## .≈≈
#.≈......## #._≈
#.≈.......#
...≈.#.≈.......#
#.≈.#......#
#.≈@#.....##
#.≈z##...##
#z≈z######
...≈.# ≈≈≈≈≈.#
#.......#
.########


You could see 3 wights.

Vanquished Creatures
  An ice beast (D:5)
  2 centaurs (D:5)
  A phantom (D:6)
  A bullfrog (D:6)
  2 scorpions
  3 hounds
  2 jellies (D:5)
  An orc priest (D:4)
  An iguana (D:5)
  6 adders
  4 gnolls (D:2)
  3 worms
  2 dart slugs
  9 orcs
  3 endoplasms
  2 giant cockroaches (D:2)
  2 goblins
  9 hobgoblins
  A quokka (D:4)
  4 ball pythons
  3 frilled lizards
  6 kobolds
  2 rats
70 creatures vanquished.

Notes
Turn   | Place    | Note
-------+----------+-------------------------------------------
     0 | D:1      | mtoz the Gargoyle Fighter began the quest for the Orb.
     0 | D:1      | Reached XP level 1. HP: 14/14 MP: 1/1
     4 | D:1      | You fall into a shaft and drop 1 floor!
   105 | D:2      | Reached XP level 2. HP: 18/19 MP: 2/2
   107 | D:2      | Reached XP level 3. HP: 22/23 MP: 3/3
   569 | D:2      | Reached XP level 4. HP: 29/29 MP: 4/4
  1141 | D:3      | Found Wuurunnau's Antique Armour Shoppe.
  1227 | D:3      | Found a faded altar of an unknown god.
  1917 | D:4      | Reached XP level 5. HP: 25/33 MP: 5/5
  2023 | D:4      | Found a shimmering altar of Xom.
  2171 | D:4      | Reached skill level 1 in Dodging
  2233 | D:4      | Found a shadowy altar of Dithmenos.
  2465 | D:4      | Reached XP level 6. HP: 39/39 MP: 6/6
  2958 | D:5      | Entered Level 5 of the Dungeon
  2980 | D:5      | Noticed an ice beast
  2992 | D:5      | Killed an ice beast
  3256 | D:5      | Reached XP level 7. HP: 35/44 MP: 7/7
  3258 | D:5      | Reached skill level 5 in Fighting
  3258 | D:5      | Reached skill level 5 in Armour
  3396 | D:5      | Reached skill level 5 in Shields
  4294 | D:5      | Found a staircase to the Ecumenical Temple.
  4429 | Temple   | Entered the Ecumenical Temple
  4948 | D:6      | Found a broken altar of Ashenzari.
  4961 | D:6      | Slain by a wight

Illustrated notes

Levels and vault maps discovered:
D:1:      dpeg_arrival_short_road, layout_basic
D:2:      layout_loops_ring
D:3:      layout_loops_corners, serial_shops, nicolae_shop_stone,
          hellmonk_ecumenical_altar_arch_garden, grunt_ministairs_3
D:4:      layout_basic, mainiacjoe_overflow_cross_hatched,
          mainiacjoe_overflow_catwalk
D:5:      layout_loops_cross, lemuel_temple_firewalk_a,
          minmay_misc_feat_diagonals, nrook_mini_vaults
D:6:      layout_rooms, nicolae_overflow_squiral, uniq_pikel
Temple:   nicolae_temple_two_arcs

Skill      XL: |  1  2  3  4  5  6  7 |
---------------+----------------------+-----
Axes           | 2 3 4 |  4.0
Armour         | 4 5 |  5.5
Fighting       | 4 5 |  5.5
Shields        | 4 5 |  5.4
Dodging        | 1 2 |  2.0

Action                   |  1- 3 |  4- 6 |  7- 9 || total
-------------------------+-------+-------+-------++-------
Melee: War axe           |    48 |   188 |    64 ||   300
  Use: Potion            |       |       |     2 ||     2
Armor: Scale mail        |    19 |   118 |    58 ||   195
Dodge: Dodged            |    22 |   110 |    47 ||   179
Block: Buckler           |     8 |    31 |    29 ||    68
